 Dungeon Crawl Stone Soup version 0.26-a0-651-gb41185065b (webtiles) character file.

Game seed: 2959770034553652742

1679 Flugslaktarn the Chopper (level 8, -1/78 HPs)
             Began as a Deep Dwarf Fighter on Oct 9, 2020.
             Was a Follower of Makhleb.
             Slain by an ogre
             ... wielding a +0 giant club
              (4 damage)
             ... on level 8 of the Dungeon.
             The game lasted 00:02:08 (2449 turns).

Flugslaktarn the Chopper (Deep Dwarf Fighter)       Turns: 2449, Time: 00:02:08

Health: -1/78      AC:  7    Str: 20    XL:     8   Next: 70%
Magic:  5/6        EV: 15    Int:  9    God:    Makhleb [*.....]
Gold:   325        SH:  0    Dex: 14    Spells: 7/7 levels left

rFire    . . .     SeeInvis .   a - +0 war axe
rCold    . . .     Faith    +   c - +1 kite shield
rNeg     . . .     Spirit   .   b - +0 scale mail
rPois    .         Reflect  .   (no helmet)
rElec    .         Harm     .   (no cloak)
rCorr    .         Rampage  .   (no gloves)
MR       +....     Rnd*Tele +   (no boots)
Stlth    ..........             p - amulet of faith
HPRegen  0.00/turn              (no ring)
MPRegen  0.10/turn              (no ring)

@: confused, agile, non-regenerating
A: damage resistance, heal wounds, large bone plates 1, high mp 1, sense
surroundings 1, teleportitis 1, no regeneration
a: Heal Wounds, Renounce Religion


You were on level 8 of the Dungeon.
You worshipped Makhleb.
Makhleb was aware of your devotion.
You visited 1 branch of the dungeon, and saw 7 of its levels.

You collected 325 gold pieces.

Inventory:

Hand Weapons
 a - a +0 war axe (weapon)
Armour
 b - a +0 scale mail (worn)
 c - a +1 kite shield (worn)
Jewellery
 f - a cursed ring of teleportation {unknown}
   (You found it on level 6 of the Dungeon)
 p - an amulet of faith (around neck)
   (You found it on level 5 of the Dungeon)
Scrolls
 l - a scroll of magic mapping
 r - 2 scrolls of identify
 t - 3 scrolls of teleportation
 x - 2 scrolls of remove curse
Potions
 d - 3 potions of might
 g - a potion of magic
 h - a potion of cancellation
 m - a potion of lignification


   Skills:
 * Level 6.3 Fighting
 * Level 7.2 Axes
 + Level 5.7 Armour
 + Level 4.3 Dodging
 - Level 3.6 Shields
 + Level 2.9 Invocations


You had 7 spell levels left.
You didn't know any spells.
Your spell library was empty.

Dungeon Overview and Level Annotations

Branches:
Dungeon (6/15)
 Temple: D:4-7

Altars:
Makhleb

Annotations:
D:4 3 runed translucent doors, PanSaczeczos's ghost, amateur TrBr
D:8 Psyche


Innate Abilities, Weirdness & Mutations

You are resistant to damage.
You can heal yourself by infusing magical energy.
You passively map a small area around you.
You do not regenerate.
You are partially covered in large bone plates. (SH +4)
You have an increased reservoir of magic. (+10% MP)
You are occasionally teleported next to monsters.


Message History

Psyche zaps a wand.
Your will is overpowered!
You are more confused.
The yak gores you.
* * * LOW HITPOINT WARNING * * *
A worker ant comes into view.
The adder bites you. The bullfrog hits you.
* * * LOW HITPOINT WARNING * * *
The yak barely misses you. The shadow imp closely misses you.
Psyche hits you with a +3 dagger of chaos.
* * * LOW HITPOINT WARNING * * *
The yak misses you.
Psyche hits you with a +3 dagger of chaos.
* * * LOW HITPOINT WARNING * * *
The yak gores you but does no damage.
You're too confused!
The worker ant twitches its antennae in your direction.
Psyche hits you with a +3 dagger of chaos.
You feel agile all of a sudden. The ogre hits you with a +0 giant club.
You die...

#....##..##........
**
...................
...................
*
....a............>.
...........5.......,
..........5........
,
*##(....(FYYS......,
#......5Y@........
[.........O@..?....
,
...................
, ,
...#......##.......
..*##.....# #......
, . #....## ...... ,
#..... *..##..
...... .##,.. * ,
.... , * ,


You could see Psyche (fast), 3 yaks, an ogre, a bullfrog, a worker ant, an
adder, a white imp and 2 shadow imps.

Vanquished Creatures
  A wyvern (D:4)
  Sigmund (D:5)
  A sky beast (D:6)
  4 ogres
  2 centaurs
  A bullfrog (D:6)
  2 scorpions (D:4)
  4 killer bees (D:6)
  2 howler monkeys (D:4)
  A hound (D:4)
  A jelly (D:6)
  3 worker ants
  A hound zombie (D:5)
  A howler monkey skeleton (D:4)
  8 gnolls
  7 adders
  A shadow imp (D:5)
  An ufetubus (D:5)
  2 adder skeletons (D:4)
  2 worms (D:4)
  A dart slug (D:5)
  3 leopard geckos
  12 orcs
  2 ball pythons
  2 giant cockroaches
  4 hobgoblins
  11 jackals
  A ball python skeleton (D:4)
  A bat (D:3)
  A frilled lizard (D:4)
  A jackal skeleton (D:4)
  A leopard gecko skeleton (D:4)
86 creatures vanquished.

Notes
Turn   | Place    | Note
-------+----------+-------------------------------------------
     0 | D:1      | Flugslaktarn the Deep Dwarf Fighter began the quest for the
                  | Orb.
     0 | D:1      | Reached XP level 1. HP: 20/20 MP: 1/1
   104 | D:1      | Reached XP level 2. HP: 24/27 MP: 2/2
   313 | D:3      | Reached XP level 3. HP: 34/34 MP: 3/3
   326 | D:3      | Reached skill level 3 in Axes
   432 | D:4      | Noticed a centaur
   442 | D:4      | Killed a centaur
   442 | D:4      | Reached skill level 1 in Dodging
   442 | D:4      | Reached XP level 4. HP: 27/43 MP: 3/3
   446 | D:4      | Reached XP level 5. HP: 23/50 MP: 4/4
   462 | D:4      | Found a runed translucent gate.
   462 | D:4      | Found a runed translucent gate.
   462 | D:4      | Identified the +6 short sword of Defiance {elec, rPois
                  | Str+3 Dex+4}
   462 | D:4      | Noticed PanSaczeczos's ghost (amateur TrBr)
   463 | D:4      | Found a runed translucent gate.
   476 | D:4      | Reached skill level 4 in Axes
   481 | D:5      | Entered Level 5 of the Dungeon
   659 | D:4      | Noticed a wyvern
   677 | D:4      | Reached XP level 6. HP: 40/57 MP: 5/5
   712 | D:4      | Killed a wyvern
   712 | D:4      | Reached skill level 5 in Axes
   712 | D:4      | Reached XP level 7. HP: 21/66 MP: 5/5
   842 | D:4      | Reached skill level 5 in Fighting
  1225 | D:5      | Reached skill level 5 in Armour
  1258 | D:5      | Reached skill level 6 in Axes
  1261 | D:5      | Found a burning altar of Makhleb.
  1455 | D:5      | Became a worshipper of Makhleb the Destroyer
  1571 | D:5      | Noticed Sigmund
  1582 | D:5      | Killed Sigmund
  1582 | D:5      | Reached skill level 1 in Invocations
  1582 | D:5      | Reached XP level 8. HP: 50/75 MP: 6/6
  2199 | D:6      | Reached skill level 7 in Axes
  2253 | D:6      | Reached * piety under Makhleb
  2438 | D:6      | You fall into a shaft and drop 2 floors!
  2438 | D:8      | Noticed Psyche
  2446 | D:8      | Gained mutation: You are occasionally teleported next to
                  | monsters. [potion of mutation]
  2446 | D:8      | Gained mutation: You have an increased reservoir of magic.
                  | (+10% MP) [potion of mutation]
  2446 | D:8      | Gained mutation: You are partially covered in large bone
                  | plates. (SH +4) [potion of mutation]
  2448 | D:8      | HP: 3/78 [Psyche/+3 dagger of chaos (1)]
  2449 | D:8      | Slain by an ogre

Illustrated notes

Levels and vault maps discovered:
D:1:      giann_bridges, layout_rooms
D:2:      layout_basic, led_sif_pool
D:3:      layout_loops_ring
D:4:      minmay_clustersquares, layout_loops_ring,
          gammafunk_ghost_nasty_kobolds, serial_glass, glass_columns_b,
          glass_columns_c, minivault_24
D:5:      layout_cave_pods, lemuel_altar_in_water2, uniq_sigmund
D:6:      layout_cave_pools, minmay_checkerbox
D:8:      layout_cave_pools, gammafunk_ghost_abyssal_escape, uniq_psyche

Skill      XL: |  1  2  3  4  5  6  7  8 |
---------------+-------------------------+-----
Fighting       | 3 4 5 6 |  6.3
Axes           | 3 4 5 6 7 |  7.2
Dodging        | 1 2 3 4 |  4.3
Armour         | 4 5 |  5.7
Invocations    | 1 2 |  2.9
Shields        | |  3.6

Action                   |  1- 3 |  4- 6 |  7- 9 || total
-------------------------+-------+-------+-------++-------
Melee: War axe           |    84 |    57 |   189 ||   330
 Abil: Heal Wounds       |     2 |     4 |    16 ||    22
  Use: Potion            |       |     1 |     1 ||     2
       Scroll            |       |       |    11 ||    11
Armor: Scale mail        |    39 |    27 |    99 ||   165
Dodge: Dodged            |    39 |    31 |   123 ||   193
Block: Kite shield       |    53 |    37 |   145 ||   235

Table legend: (Time is in decaauts)
 A = Elapsed time spent in this place.
 B = Non-inter-level travel time spent in this place.
 C = Inter-level travel time spent in this place.
 D = Time resting spent in this place.
 E = Time spent auto-exploring this place.
 F = Levels seen in this place.
 G = Mean time per level.
                   A        B        C        D        E       F      G
               +--------+--------+--------+--------+--------+-----+--------+
         Total |   2557 |   2453 |    104 |      0 |   1717 |   7 |  365.3 |
       Dungeon |   2557 |   2453 |    104 |      0 |   1717 |   7 |  365.3 |
               +--------+--------+--------+--------+--------+-----+--------+

Top non-repeatable levels by time:
     D:5: 957 daAuts
     D:4: 812 daAuts
     D:6: 368 daAuts
     D:3: 190 daAuts
     D:1: 156 daAuts
     D:2: 60 daAuts
     D:8: 11 daAuts
